 Dungeon Crawl Stone Soup version 0.31-a0-654-gbe3e110b4e (webtiles) character file.

Game seed: 18050190818340130431

11302 javelincjr the Magician (level 11, -2/80 HPs)
             Began as a Demonspawn Fire Elementalist on Aug 28, 2023.
             Was a Believer of Sif Muna.
             Slain by a boulder beetle (38 damage)
             ... on level 12 of the Dungeon on Aug 29, 2023.
             The game lasted 00:59:53 (16887 turns).

javelincjr the Magician (DsFE)                     Turns: 16887, Time: 00:59:54

Health: -2/80      AC: 15    Str:  6    XL:     11   Next: 47%
Magic:  23/31      EV: 14    Int: 20    God:    Sif Muna [**....]
Gold:   596        SH:  4    Dex: 18    Spells: 20/25 levels left

rFire   . . .        S - +5 rapier "Ficim" {venom, rC+}
rCold   + + +        (no shield)
rNeg    . . .        n - +5 ring mail of Joenuo {rC+++ Regen+ Str-3 Dex+4}
rPois   .            C - +0 helmet
rElec   .            A - +0 cloak
rCorr   .            o - +1 pair of gloves
SInv    .            (no boots)
Will    .....        (no amulet)
Stlth   +++          q - +4 ring of slaying
HPRegen 1.13/turn    P - ring of magical power
MPRegen 0.22/turn

%: no passive effects
@: studying Summonings
A: repulsion field 1, powered by death 2, condensation shield, weakness stinger
2
a: Renounce Religion, Channel Magic


You were on level 12 of the Dungeon.
You worshipped Sif Muna.
Sif Muna was pleased with you.
You visited 2 branches of the dungeon, and saw 13 of its levels.

You collected 719 gold pieces.
You spent 123 gold pieces at shops.

Inventory:

Hand Weapons
 x - a +1 dagger of draining
 y - a +2 short sword of protection
 R - a +0 dagger of flaming
 S - the +5 rapier "Ficim" (weapon) {venom, rC+}
   (You found it on level 11 of the Dungeon)

   rC+:       It protects you from cold.
Armour
 n - the +5 ring mail of Joenuo (worn) {rC+++ Regen+ Str-3 Dex+4}
   (You found it on level 3 of the Dungeon)

   Str-3:     It affects your strength (-3).
   Dex+4:     It affects your dexterity (+4).
   rC+++:     It renders you almost immune to cold.
   Regen+:    It increases your rate of health regeneration.
 o - a +1 pair of gloves (worn)
 A - a +0 cloak (worn)
 C - a +0 helmet (worn)
Jewellery
 g - a ring of ice
 q - a +4 ring of slaying (left hand)
 z - a ring of willpower
 G - a ring of resist corrosion
 K - a ring of poison resistance
 L - a +6 ring of dexterity
 M - an amulet of guardian spirit
 P - a ring of magical power (right hand)
Wands
 a - a wand of quicksilver (13)
 r - a wand of roots (27)
 I - a wand of polymorph (5)
Scrolls
 c - 4 scrolls of teleportation
 d - 2 scrolls of fog
 f - a scroll of enchant armour {unknown}
 j - a scroll of butterflies {unknown}
 k - 2 scrolls of enchant weapon {unknown}
 l - 2 scrolls of noise {unknown}
 m - 3 scrolls of vulnerability
 s - 3 scrolls of poison {unknown}
 t - 3 scrolls of revelation {unknown}
 w - a scroll of torment {unknown}
 B - 2 scrolls of fear {unknown}
 F - 4 scrolls of immolation {unknown}
 O - a scroll of amnesia {unknown}
Potions
 b - a potion of magic
 e - 3 potions of attraction
 h - 4 potions of heal wounds
 i - a potion of berserk rage {unknown}
 p - a potion of invisibility {unknown}
 u - 5 potions of might
 v - 7 potions of curing
 E - 3 potions of degeneration {unknown}
 H - a potion of ambrosia {unknown}
 J - 2 potions of brilliance {unknown}
 Q - a potion of lignification {unknown}


   Skills:
 + Level 5.4 Fighting
 + Level 1.3 Short Blades
 - Level 4.6 Armour
 + Level 6.0 Dodging
 + Level 6.4 Stealth
 * Level 7.5 Spellcasting
 + Level 6.2 Conjurations
 + Level 5.3 Translocations
 + Level 6.2 Fire Magic
 + Level 6.0 Invocations


You had 20 spell levels left.
You knew the following spells:

 Your Spells              Type           Power      Damage    Failure   Level
a - Foxfire               Conj/Fire      100%       2x1d9     2%          1
b - Scorch                Fire           64%        2d7       3%          2
c - Blink                 Tloc           56%        N/A       5%          2

Your spell library contained the following spells:

 Spells                   Type           Power      Damage    Failure   Level
 Momentum Strike          Conj/Tloc      60%        3d9       4%          2
 Lesser Beckoning         Tloc           56%        N/A       5%          2
 Volatile Blastmotes      Fire/Tloc      60%        2d15      9%          3
 Flame Wave               Conj/Fire      32%        2d9       24%         4
 Hailstorm                Conj/Ice       20%        3d6       26%         3
 Inner Flame              Hex/Fire       20%        N/A       26%         3
 Portal Projectile        Hex/Tloc       36%        N/A       32%         3
 Sublimation of Blood     Necr           7%         N/A       43%         2
 Call Canine Familiar     Summ           7%         N/A       67%         3
 Irradiate                Conj/Tmut      10%        3d15      94%         5
 Leda's Liquefaction      Hex/Erth       3%         N/A       97%         4
 Petrify                  Tmut/Erth      7%         N/A       97%         4
 Summon Ice Beast         Ice/Summ       7%         N/A       97%         4
 Simulacrum               Ice/Necr       3%         N/A       100%        6


Dungeon Overview and Level Annotations

Branches:
Dungeon (12/15)            Temple (1/1) D:5            Lair (0/5) D:10
    Orc: D:9-12

Altars:
Ashenzari
Cheibriados
Dithmenos
Fedhas
Gozag
Hepliaklqana
Kikubaaqudgha
Makhleb
Nemelex Xobeh
Okawaru
Qazlal
Ru
Sif Muna
Trog
Uskayaw
Vehumet
Wu Jian
Xom
Yredelemnul

Shops:
D:2 (   D:4 !   D:8 *   D:10 **

Annotations:
D:12 4 runed translucent doors


Innate Abilities, Weirdness & Mutations

You are surrounded by a mild repulsion field. (EV +2)
You regenerate health from kills.
A meltable shield of frost defends you. (SH +4)
You have a tail ending in a sharp stinger.


Message History

The boulder beetle curls into a ball and begins rolling!
There is an open door here.
You close the door.
The boulder beetle hits you!!
The boulder beetle stops rolling and uncurls.
Casting: Scorch (safe; 3% risk of failure)
Confirm with . or Enter, or press ? or * to list all spells.
Flames lash the boulder beetle.
The boulder beetle is lightly wounded.
The boulder beetle's fire resistance burns away.
The boulder beetle closely misses you.
Casting: Scorch (safe; 3% risk of failure)
Confirm with . or Enter, or press ? or * to list all spells.
Flames lash the boulder beetle.
The boulder beetle is burned terribly!
The boulder beetle is moderately wounded.
The boulder beetle barely misses you.
You open the door.
The boulder beetle bites you but does no damage.
The boulder beetle bites you but does no damage.
The boulder beetle hits you!!!
The boulder beetle stops rolling and uncurls.
You hear a shout!
There is an open door, spattered with blood here.
The boulder beetle leaps!
Casting: Scorch (safe; 3% risk of failure)
Confirm with . or Enter, or press ? or * to list all spells.
Flames lash the boulder beetle but do no damage.
The boulder beetle closely misses you.
The boulder beetle curls into a ball and begins rolling!
You hit the boulder beetle but do no damage.
The boulder beetle is poisoned.
You tail-slap the boulder beetle.
The boulder beetle is lightly wounded.
The boulder beetle misses you.
An orc comes into view. It is wielding a +0 trident.
The boulder beetle leaps!
Found an escape hatch in the ceiling.
You puncture the boulder beetle!
You tail-slap the boulder beetle, but do no damage.
The boulder beetle is lightly wounded.
The boulder beetle hits you!!!
You die...

..+ ##.......## ..#
#..)....# ..+
#.......# < #.......#
.. #.......# ...
#.......# ...
####.......# ..
.#..........##'###..
...........°B@.......
..######..°..........
. #8):8##.###########
#8....8#○#........
.+.....C+.°...#
.+......+.#...#
8....8#.....#
#8$}8##.....# #####
.........


You could see a boulder beetle (rolling).

Vanquished Creatures
  2 two-headed ogres
  An ugly thing (D:12)
  A cyclops (D:12)
  A manticore (D:11)
  Joseph (D:10)
  3 komodo dragons
  3 trolls
  A hornet (D:8)
  2 shadows (D:12)
  Sigmund (D:5)
  2 wyverns
  3 wraiths
  5 yaks
  4 basilisks
  A steam dragon (D:7)
  2 water moccasins
  An acid dragon (D:10)
  2 orc warriors
  2 sky beasts
  3 black bears
  An ice beast (D:7)
  13 centaurs
  4 ogres
  3 phantoms
  3 kobold brigands
  A scorpion (D:6)
  3 bullfrogs
  3 wights (D:7)
  4 killer bees (D:9)
  5 howler monkeys
  2 hounds
  A gnoll bouda (D:5)
  11 orc priests
  A jelly (D:6)
  2 iguanas (D:6)
  11 orc wizards
  11 adders
  2 ufetubi
  A worm (D:3)
  4 dart slugs
  48 orcs
  4 endoplasms
  3 giant cockroaches
  9 goblins
  A hobgoblin (D:3)
  14 jackals
  15 kobolds
  7 quokkas
  10 ball pythons
  10 bats
  3 frilled lizards
  5 rats
256 creatures vanquished.

Vanquished Creatures (others)
  1103 foxfires
1103 creatures vanquished.

Grand Total: 1359 creatures vanquished

Notes
Turn   | Place    | Note
-------+----------+-------------------------------------------
     0 | D:1      | javelincjr the Demonspawn Fire Elementalist began the quest
                  | for the Orb.
     0 | D:1      | Reached XP level 1. HP: 13/13 MP: 3/3
   205 | D:1      | Gained mutation: You have a small tail. [demonic ancestry]
   205 | D:1      | Reached XP level 2. HP: 3/19 MP: 0/5
   912 | D:1      | Learned a level 2 spell: Scorch
   915 | D:1      | Learned a level 2 spell: Blink
   989 | D:1      | Gained mutation: You regenerate a little health from kills.
                  | [demonic ancestry]
   989 | D:1      | Reached XP level 3. HP: 24/24 MP: 4/6
  1853 | D:2      | Found a faded altar of an unknown god.
  1894 | D:2      | Found Oruetuesh's Antique Weapon Emporium.
  2463 | D:3      | Identified the +5 ring mail of Joenuo {rC+++ Regen+ Str-3
                  | Dex+4}
  2870 | D:3      | Gained mutation: You regenerate health from kills. [demonic
                  | ancestry]
  2870 | D:3      | Reached XP level 4. HP: 30/30 MP: 2/7
  3599 | D:3      | Reached skill level 1 in Translocations
  3948 | D:3      | Reached XP level 5. HP: 35/35 MP: 5/9
  4193 | D:4      | Noticed a black bear
  4211 | D:4      | Killed a black bear
  4379 | D:4      | Noticed an ogre
  4397 | D:4      | Killed an ogre
  4398 | D:4      | Reached skill level 3 in Spellcasting
  4398 | D:4      | Reached XP level 6. HP: 41/41 MP: 2/10
  4820 | D:4      | Found Jeipar's Distillery.
  4823 | D:4      | Bought a potion of heal wounds for 55 gold pieces
  5273 | D:3      | Gained mutation: A meltable shield of frost defends you.
                  | (SH +4) [demonic ancestry]
  5273 | D:3      | Reached XP level 7. HP: 42/47 MP: 0/12
  5615 | D:4      | Reached skill level 1 in Fighting
  5615 | D:4      | Reached skill level 1 in Armour
  5939 | D:5      | Entered Level 5 of the Dungeon
  6105 | D:5      | Found a staircase to the Ecumenical Temple.
  6119 | Temple   | Entered the Ecumenical Temple
  6437 | D:5      | Found a large runed translucent door.
  6444 | D:5      | Found a large runed translucent door.
  6591 | D:5      | Noticed Sigmund
  6620 | D:5      | Killed Sigmund
  6621 | D:5      | Gained mutation: You have a tail ending in a sharp stinger.
                  | [demonic ancestry]
  6621 | D:5      | Reached XP level 8. HP: 48/56 MP: 4/13
  7450 | D:5      | Found a shimmering blue altar of Sif Muna.
  7455 | D:5      | Reached skill level 4 in Spellcasting
  7464 | D:5      | Became a worshipper of Sif Muna the Loreminder
  8108 | D:6      | Reached skill level 1 in Invocations
  8177 | D:6      | Identified the +0 leather armour of Gravity {Int+5 Stlth+}
  8542 | D:6      | Reached * piety under Sif Muna
  9026 | D:7      | Reached XP level 9. HP: 63/63 MP: 1/15
  9636 | D:7      | Reached skill level 5 in Spellcasting
 10062 | D:8      | Paralysed by a hornet for 3 turns
 10332 | D:8      | Reached skill level 5 in Fire Magic
 10475 | D:8      | Reached skill level 5 in Stealth
 10601 | D:7      | Found an opulent altar of Gozag.
 10601 | D:7      | Found a stormy altar of Qazlal.
 10918 | D:7      | Reached skill level 5 in Conjurations
 10931 | D:8      | Reached skill level 5 in Dodging
 11009 | D:8      | Found Bammen's Assorted Antiques.
 11016 | D:8      | Reached XP level 10. HP: 71/71 MP: 18/18
 11020 | D:8      | Bought a scroll labelled VEITTO YLAHIYX for 34 gold pieces
 11020 | D:8      | Bought a scroll labelled WEILYL WATWEF for 34 gold pieces
 11023 | D:8      | Noticed a two-headed ogre
 11033 | D:8      | Killed a two-headed ogre
 11817 | D:9      | Reached skill level 6 in Spellcasting
 12073 | D:9      | Reached ** piety under Sif Muna
 13229 | D:9      | Upgraded the game from 0.31-a0-640-g39d97e502b to
                  | 0.31-a0-654-gbe3e110b4e
 13245 | D:10     | Entered Level 10 of the Dungeon
 13408 | D:10     | Found Joohodec's Specific Store.
 13412 | D:10     | Found Bunugy's General Store.
 14478 | D:10     | Reached skill level 5 in Invocations
 14573 | D:10     | Found a staircase to the Lair.
 14588 | D:10     | Noticed Joseph
 14598 | D:10     | Killed Joseph
 15045 | D:11     | Noticed a manticore
 15054 | D:11     | Killed a manticore
 15146 | D:11     | Noticed a two-headed ogre
 15156 | D:11     | Killed a two-headed ogre
 15157 | D:11     | Reached skill level 5 in Translocations
 15157 | D:11     | Gained mutation: You are surrounded by a mild repulsion
                  | field. (EV +2) [demonic ancestry]
 15157 | D:11     | Reached XP level 11. HP: 69/78 MP: 11/21
 15256 | D:11     | Reached skill level 7 in Spellcasting
 15260 | D:11     | Reached skill level 5 in Fighting
 15790 | D:11     | Found an ornate altar of the Wu Jian Council.
 15796 | D:11     | Identified the +5 rapier "Ficim" {venom, rC+}
 16381 | D:12     | Noticed a red ugly thing
 16407 | D:12     | Killed a red ugly thing
 16408 | D:12     | Reached skill level 1 in Short Blades
 16858 | D:12     | Found a large runed translucent door.
 16858 | D:12     | Noticed a purple ugly thing
 16859 | D:12     | Found a large runed translucent door.
 16864 | D:12     | Found a large runed translucent door.
 16864 | D:12     | Found a large runed translucent door.
 16866 | D:12     | Noticed a boulder beetle
 16869 | D:12     | Noticed a boulder beetle
 16887 | D:12     | Slain by a boulder beetle

Illustrated notes

Levels and vault maps discovered:
D:1:      lordsloth_arrival_two_stooges, layout_basic, item_on_display_a
D:2:      layout_rooms, serial_shops, nicolae_shop_tiny_statue_garden,
          shapermc_ecumenical_altar_hornbeckon, chequers_big_river
D:3:      minmay_general_purpose_star, layout_loops_corners,
          guppyfry_early_lair_pool
D:4:      layout_basic, serial_shops, nicolae_shop_window_shopping
D:5:      layout_cave_pods, jmf_multi_god_temple2,
          minmay_temple_entry_water_ring, uniq_sigmund
D:6:      layout_gridville, minmay_curled_crystal, dk_rats_in_the_wall
D:7:      layout_loops_cross, nicolae_overflow_hidden_temple
D:8:      layout_basic, serial_shops, nicolae_shop_tiny_statue_garden
D:9:      layout_layer_cave, serial_rivers, chequers_serial_rivers_micro_c,
          chequers_serial_rivers_large_b, chequers_serial_rivers_micro_d,
          chequers_serial_rivers_room_a, chequers_serial_rivers_small_3,
          chequers_serial_rivers_micro_e, minmay_misc_feat_square,
          chequers_serial_rivers_micro_e
D:10:     layout_layer_cave, erik_lair_dragon, minivault_19,
          nicolae_specific_store, uniq_joseph
D:11:     layout_roguey, nicolae_wu_jian_wuxing_cycle
D:12:     layout_irregular_city, david_orc_3, minmay_hollow_rounded_squares
Temple:   regret_index_temple_mists

Skill      XL: |  1  2  3  4  5  6  7  8  9 10 11 |
---------------+----------------------------------+-----
Stealth        | 2 3 4 5 6 |  6.4
Dodging        | 2 3 4 5 6 |  6.0
Fire Magic     | 3 4 5 6 |  6.2
Conjurations   | 2 3 4 5 6 |  6.2
Translocations | 1 2 3 4 5 |  5.3
Spellcasting   | 3 4 5 6 7 |  7.5
Fighting       | 2 3 4 5 |  5.4
Armour         | 1 2 3 4 |  4.6
Invocations    | 1 3 5 6 |  6.0
Short Blades   | 1 |  1.3

Action                     |  1- 3 |  4- 6 |  7- 9 | 10-12 || total
---------------------------+-------+-------+-------+-------++-------
  Melee: Unarmed           |   136 |    37 |     5 |       ||   178
         Tailslap          |    19 |     1 |    13 |    17 ||    50
         Punch             |     1 |       |       |     4 ||     5
         Dagger            |       |       |    69 |    52 ||   121
         Rapier            |       |       |       |    12 ||    12
   Cast: Foxfire           |    73 |    90 |   230 |   229 ||   622
         Scorch            |       |     2 |    53 |    80 ||   135
         Blink             |       |     1 |       |       ||     1
    Use: Scroll            |       |       |     7 |       ||     7
   Stab: Sleeping          |       |     1 |     2 |     2 ||     5
 Armour: Robe              |    25 |       |       |       ||    25
         Ring mail         |    28 |    59 |    99 |    67 ||   253
  Dodge: Dodged            |   107 |    33 |   102 |    99 ||   341
  Block: Other             |       |       |    34 |    25 ||    59

Table legend: (Time is in decaauts)
 A = Elapsed time spent in this place.
 B = Non-inter-level travel time spent in this place.
 C = Inter-level travel time spent in this place.
 D = Time resting spent in this place.
 E = Time spent auto-exploring this place.
 F = Levels seen in this place.
 G = Mean time per level.
                   A        B        C        D        E       F      G
               +--------+--------+--------+--------+--------+-----+--------+
         Total |  16976 |  16655 |    321 |    841 |  13359 |  13 | 1305.8 |
       Dungeon |  16907 |  16586 |    321 |    841 |  13359 |  12 | 1408.9 |
        Temple |     69 |     69 |      0 |      0 |      0 |   1 |   69.0 |
               +--------+--------+--------+--------+--------+-----+--------+

Top non-repeatable levels by time:
     D:3: 1930 daAuts
    D:10: 1793 daAuts
     D:9: 1763 daAuts
     D:4: 1698 daAuts
     D:1: 1522 daAuts
     D:6: 1469 daAuts
     D:5: 1416 daAuts
     D:7: 1328 daAuts
     D:8: 1216 daAuts
    D:11: 1162 daAuts
     D:2: 899 daAuts
    D:12: 706 daAuts
  Temple: 69 daAuts
